 Dungeon Sprint DCSS version 0.28.0-43-g3370ac3207 (webtiles) character file.

Game seed: 15894252314054853883

10800000 smarlow the Archmage (level 27, -4/228 HPs)
             Began as a Djinni Warper on Mar 3, 2022.
             Was the Champion of Makhleb.
             Slain by a bag of meat
             ... wielding a +9 war axe
              (33 damage)
             ... in the Dungeon (Sprint VIII: "Arena of Blood").
             The game lasted 00:07:31 (108 turns).

smarlow the Archmage (Djinni Warper)                 Turns: 108, Time: 00:07:31

Health: -4/228     AC: 12    Str: 14    XL:     27
Gold:   0          EV: 31    Int: 19    God:    Makhleb [******] SH:  0 Dex: 19

rFire   + + .      SeeInvis .   i - +∞ Axe of Woe
rCold   . . .      Faith    .   (shield currently unavailable)
rNeg    + + +      Spirit   .   b - +0 leather armour
rPois   ∞          Reflect  .   (no helmet)
rElec   .          Harm     .   (no cloak)
rCorr   .          Rampage  .   (no gloves)
Will    +++..      NoTele   +   (boots unavailable)
Stlth   ++++++++++              (no amulet)
HPRegen 0.48/turn               (no ring)
MPRegen 0.00/turn               (no ring)

@: lich-form, flying
A: draining attack, torment immunity, no potions, flying, sickness immunity,
fire resistance 2, cold vulnerability 1, float, innate caster, HP casting, extra
vitality 1
a: End Transformation, Renounce Religion, Minor Destruction, Lesser Servant of
Makhleb, Major Destruction, Greater Servant of Makhleb


You were in the Dungeon.
You worshipped Makhleb.
Makhleb was exalted by your worship.
You were an undead lich.
You visited 1 branch

Inventory:

Hand Weapons
 a - a +0 hand axe
 i - the +∞ Axe of Woe (weapon)
   (You found it in the Dungeon)
Missiles
 d - 5 boomerangs of dispersal (quivered)
Armour
 b - a +0 leather armour (worn)
Scrolls
 c - a scroll of blinking
Potions
 e - a potion of curing
 f - a potion of heal wounds
 g - a potion of haste
 h - a potion of berserk rage


   Skills:
 O Level 27 Fighting
 O Level 27 Short Blades
 O Level 27 Long Blades
 O Level 27 Axes
 O Level 27 Maces & Flails
 O Level 27 Polearms
 O Level 27 Staves
 O Level 27 Slings
 O Level 27 Bows
 O Level 27 Crossbows
 O Level 27 Throwing
 O Level 27 Armour
 O Level 27 Dodging
 O Level 27 Stealth
 O Level 27 Shields
 O Level 27 Unarmed Combat
 O Level 27 Spellcasting
 O Level 27 Invocations
 O Level 27 Evocations


You couldn't memorise any spells.
You knew the following spells:

 Your Spells              Type           Power      Damage    Failure   Level
a - Blink                 Tloc           100%       N/A       0%          2
b - Lesser Beckoning      Tloc           91%        N/A       0%          3
c - Gell's Gravitas       Tloc           91%        N/A       0%          3
d - Teleport Other        Tloc           91%        N/A       0%          3
e - Manifold Assault      Tloc           91%        N/A       0%          5
f - Beastly Appendage     Tmut           100%       N/A       0%          1
g - Poisonous Vapours     Pois/Air       100%       N/A       0%          2
h - Frozen Ramparts       Ice            100%       1d12      0%          3
i - Summon Lightning Spi  Summ/Air       91%        N/A       0%          4
j - Blade Hands           Tmut           45%        N/A       0%          5
k - Agony                 Necr           100%       N/A       0%          5
l - Summon Cactus Giant   Summ           45%        N/A       0%          6
m - Dragon Form           Tmut           45%        N/A       1%          7
n - Storm Form            Tmut/Air       45%        N/A       1%          7
o - Enfeeble              Hex            45%        N/A       1%          7
p - Necromutation         Tmut/Necr      56%        N/A       1%          8
q - Maxwell's Capacitive  Air            45%        ∞         1%          8
r - Shatter               Erth           45%        3d35*     2%          9
Your spell library was empty.

Dungeon Overview and Level Annotations

Branches:
Dungeon (1/1)

Altars:
Makhleb

Annotations:
D The Captor


Innate Abilities, Weirdness & Mutations

You are an undead lich.
Your unarmed attacks are suffused with negative energy.
You are immune to unholy pain and torment.
Your necromantic spells are more powerful.
You cannot drink.
You are flying.
You are immune to sickness and miasma.
You are immune to poison.
Your flesh is very heat resistant. (rF++)
You are vulnerable to cold. (rC-)
You float through the air rather than walking.
You learn spells naturally, not from books.
Your magical power is your life essence.
You have superior vitality. (+4 MHP)


Message History

Confirm with . or Enter, or press ? or * to list all spells.
You blink.
A tyrant, a scourge, 5 bags of meat, a dread, a sculptor of flesh and 3 meat berserkers come into view.
The bag of meat shouts!
The tyrant shouts!
The scourge hisses angrily.
The bag of meat shouts!
The meat berserker shouts! x3
The scourge appears out of thin air!
A scourge comes into view.
You hear a shout! x4
The scourge throws poison sting at you. The poison arrow misses you.
You feel something staring at you. Something smites you!
You hear a shout!
A dread comes into view.
A bag of meat comes into view. It is wielding a +9 war axe.
The dread throws damnation at you.
The sphere of damnation explodes!
The damnation engulfs you!!
* * * LOW HITPOINT WARNING * * *
A tyrant comes into view.
The meat berserker moves out of view.
A bag of meat comes into view. It is wielding a +9 war axe.
The bag of meat shouts!
The scourge hisses angrily.
Blink to where?
Press: ? - help, Dir - move target A sculptor of flesh, The Captor, a dread, 2 meat beasts, 5 ogres, 2 accurseds, 19 bags of meat and 3 destroyers come into view.
A destroyer is wielding a +9 vorpal great sword.
A destroyer is wielding a +9 vorpal great sword.
The Captor is wielding a +9 vorpal triple sword.
A destroyer is wielding a +9 vorpal great sword.
As you read the scroll of blinking, it crumbles to dust.
The bag of meat shouts! x2; The meat berserker shouts!
The bag of meat shouts!
The meat berserker shouts!
The meat beast howls!
The meat berserker shouts! x2
The tyrant shouts!
The destroyer shouts!
The bag of meat shouts! x2
You hear a shout! x2; The bag of meat shouts! x3; You hear a shout! x5
An eight-headed meat hydra comes into view.
A bag of meat comes into view. It is wielding a +9 war axe. x2
You hear a shout!
A bag of meat comes into view. It is wielding a +9 war axe.
You hear a shout!
The sculptor of flesh hits you with a +9 great sword!!
* * * LOW HITPOINT WARNING * * *
The bag of meat hits you with a +9 war axe!!
You die...

................ ....
##.....##.##..... ....
..o.S...D........ .....
..S.W....#.#..... ....#
.........§....†..
###.W.#...........§)).).
#...oM.#..........§{)†))
oVo.oOo.o.....§.o.)))...
#.oo2.Lzo.L...))...M..)
oO#2oooOoOO#..).)..#....
VoOoo#.Looo#...).).#..Do
.o#o @MW.###.....).###))


DV. ..........###)..D.). zO oo.#........_.))...)) . oO#.......#.....#.....
#ooo.......#_.o.o#..... ....#.....#..... You could see 2 accurseds, 2 meat
beasts, 2 tyrants, an eight-headed meat hydra (wandering), 3 destroyers, 2
scourges, 2 sculptors of flesh, a large bag of meat (wandering, inner flame), 3
dreads, The Captor, 7 meat berserkers and 29 bags of meat.

Vanquished Creatures
  14 hell beasts (D)
  5 royal mummies (D)
  3 great orbs of eyes (D)
  A wraith (D)
  12 vampire knights (D)
  39 ogres (D)
  6 two-headed ogres (D)
  6 liches (D)
  3 hydras (D)
  85 orcs (D)
  3 phantoms (D)
  7 skeletal warriors (D)
184 creatures vanquished.

Notes
Turn   | Place    | Note
-------+----------+-------------------------------------------
     0 | D        | Found the +∞ Axe of Woe
     0 | D        | smarlow the Djinni Warper began the quest for the Orb.
     0 | D        | Reached XP level 1. HP: 18/18 MP: 0/0
     1 | D        | Noticed a bag of meat
     3 | D        | Became a worshipper of Makhleb the Destroyer
     4 | D        | Noticed a bag of meat
     5 | D        | Noticed a bag of meat
     5 | D        | Noticed a meat berserker
     7 | D        | Killed a bag of meat
     7 | D        | Noticed a meat berserker
     8 | D        | Reached skill level 10 in Dodging
     8 | D        | Reached skill level 15 in Spellcasting
     8 | D        | Reached XP level 2. HP: 34/34 MP: 0/0
     8 | D        | Reached XP level 3. HP: 39/39 MP: 0/0
     8 | D        | Learned a level 1 spell: Beastly Appendage
     8 | D        | Reached XP level 4. HP: 45/45 MP: 0/0
     8 | D        | Reached XP level 5. HP: 50/50 MP: 0/0
     8 | D        | Learned a level 2 spell: Poisonous Vapours
     8 | D        | Reached XP level 6. HP: 56/56 MP: 0/0
     8 | D        | Reached XP level 7. HP: 61/61 MP: 0/0
     8 | D        | Learned a level 3 spell: Frozen Ramparts
     8 | D        | Reached XP level 8. HP: 67/67 MP: 0/0
     8 | D        | Reached XP level 9. HP: 72/72 MP: 0/0
     8 | D        | Learned a level 4 spell: Summon Lightning Spire
     8 | D        | Reached XP level 10. HP: 78/78 MP: 0/0
     8 | D        | Reached XP level 11. HP: 84/84 MP: 0/0
     8 | D        | Learned a level 5 spell: Blade Hands
     8 | D        | Killed a bag of meat
     8 | D        | Reached * piety under Makhleb
     8 | D        | Noticed a bag of meat
     8 | D        | Noticed a bag of meat
     9 | D        | Reached skill level 10 in Fighting
     9 | D        | Reached skill level 10 in Axes
     9 | D        | Reached XP level 12. HP: 93/93 MP: 0/0
     9 | D        | Noticed a bag of meat
     9 | D        | Noticed a meat berserker
    10 | D        | Killed a meat berserker
    10 | D        | Killed a meat berserker
    10 | D        | Noticed a large bag of meat
    10 | D        | Noticed a bag of meat
    11 | D        | Reached skill level 5 in Armour
    11 | D        | Reached XP level 13. HP: 44/104 MP: 0/0
    11 | D        | Learned a level 5 spell: Agony
    11 | D        | Reached XP level 14. HP: 47/111 MP: 0/0
    11 | D        | Killed a meat berserker
    11 | D        | Reached ** piety under Makhleb
    11 | D        | Killed a bag of meat
    11 | D        | Noticed a meat berserker
    11 | D        | Noticed a bag of meat
    11 | D        | Noticed a bag of meat
    11 | D        | Noticed a bag of meat
    12 | D        | Reached skill level 15 in Fighting
    12 | D        | Reached skill level 15 in Axes
    12 | D        | Reached skill level 15 in Dodging
    12 | D        | Reached XP level 15. HP: 120/120 MP: 0/0
    12 | D        | Learned a level 6 spell: Summon Cactus Giant
    14 | D        | Noticed a meat berserker
    15 | D        | Reached *** piety under Makhleb
    15 | D        | Killed a large bag of meat
    15 | D        | Killed a meat berserker
    15 | D        | Reached **** piety under Makhleb
    15 | D        | Noticed a meat berserker
    16 | D        | Reached skill level 5 in Throwing
    16 | D        | Reached skill level 27 in Spellcasting
    16 | D        | Reached XP level 16. HP: 111/135 MP: 0/0
    16 | D        | Reached XP level 17. HP: 115/141 MP: 0/0
    16 | D        | Learned a level 7 spell: Dragon Form
    17 | D        | Killed a meat berserker
    18 | D        | Noticed a meat berserker
    20 | D        | Noticed a destroyer
    20 | D        | Noticed a meat berserker
    21 | D        | Noticed a destroyer
    22 | D        | Killed a meat berserker
    22 | D        | Noticed a meat berserker
    23 | D        | Reached skill level 10 in Armour
    23 | D        | Noticed a meat berserker
    23 | D        | Noticed a meat berserker
    23 | D        | Noticed a large bag of meat
    24 | D        | Reached ***** piety under Makhleb
    24 | D        | Noticed a large bag of meat
    25 | D        | Reached XP level 18. HP: 157/157 MP: 0/0
    25 | D        | Killed a meat berserker
    25 | D        | Killed a meat berserker
    26 | D        | Reached skill level 27 in Fighting
    26 | D        | Reached skill level 27 in Axes
    26 | D        | Reached XP level 19. HP: 174/174 MP: 0/0
    26 | D        | Learned a level 7 spell: Storm Form
    26 | D        | Killed a large bag of meat
    26 | D        | Noticed a destroyer
    27 | D        | Noticed a meat berserker
    27 | D        | Noticed a meat berserker
    27 | D        | Noticed a destroyer
    27 | D        | Noticed a meat berserker
    27 | D        | Noticed a meat berserker
    27 | D        | Noticed a meat berserker
    27 | D        | Noticed a destroyer
    27 | D        | Noticed a large bag of meat
    27 | D        | Noticed a destroyer
    27 | D        | Noticed a large bag of meat
    28 | D        | Noticed a destroyer
    28 | D        | Noticed a meat berserker
    29 | D        | Noticed a meat berserker
    29 | D        | Noticed a destroyer
    29 | D        | Killed a destroyer
    29 | D        | Killed a destroyer
    30 | D        | Reached skill level 27 in Dodging
    30 | D        | Reached XP level 20. HP: 181/181 MP: 0/0
    30 | D        | Reached ****** piety under Makhleb
    32 | D        | Reached skill level 27 in Armour
    32 | D        | Killed a large bag of meat
    32 | D        | Killed a destroyer
    32 | D        | Killed a meat berserker
    32 | D        | Killed a destroyer
    32 | D        | Noticed a large bag of meat
    33 | D        | Reached skill level 27 in Throwing
    33 | D        | Reached XP level 21. HP: 176/187 MP: 0/0
    33 | D        | Learned a level 7 spell: Enfeeble
    33 | D        | Killed a meat berserker
    33 | D        | Killed a meat berserker
    33 | D        | Noticed a destroyer
    34 | D        | Reached XP level 22. HP: 190/194 MP: 0/0
    34 | D        | Killed a meat berserker
    34 | D        | Killed a meat berserker
    34 | D        | Killed a large bag of meat
    34 | D        | Noticed a meat berserker
    35 | D        | Reached XP level 23. HP: 189/201 MP: 0/0
    35 | D        | Learned a level 8 spell: Necromutation
    35 | D        | Killed a destroyer
    36 | D        | Reached XP level 24. HP: 165/208 MP: 0/0
    36 | D        | Noticed a destroyer
    38 | D        | Reached skill level 15 in Maces & Flails
    38 | D        | Reached skill level 15 in Polearms
    38 | D        | Reached skill level 15 in Slings
    38 | D        | Reached skill level 15 in Bows
    38 | D        | Reached skill level 15 in Crossbows
    39 | D        | Reached XP level 25. HP: 210/214 MP: 0/0
    39 | D        | Learned a level 8 spell: Maxwell's Capacitive Coupling
    39 | D        | Killed a destroyer
    40 | D        | Killed a large bag of meat
    41 | D        | Reached XP level 26. HP: 211/221 MP: 0/0
    41 | D        | Killed a destroyer
    41 | D        | Noticed a destroyer
    43 | D        | Killed a large bag of meat
    44 | D        | Reached XP level 27. HP: 214/228 MP: 0/0
    44 | D        | Learned a level 9 spell: Shatter
    45 | D        | Killed a destroyer
    46 | D        | Noticed a tyrant
    47 | D        | Killed a destroyer
    49 | D        | Noticed a tyrant
    49 | D        | Killed a destroyer
    49 | D        | Killed a tyrant
    51 | D        | Noticed a tyrant
    53 | D        | Reached skill level 27 in Shields
    53 | D        | Reached skill level 27 in Unarmed Combat
    53 | D        | Reached skill level 27 in Invocations
    53 | D        | Reached skill level 27 in Evocations
    54 | D        | Reached skill level 27 in Short Blades
    54 | D        | Reached skill level 27 in Long Blades
    54 | D        | Reached skill level 27 in Staves
    54 | D        | Reached skill level 27 in Stealth
    54 | D        | Noticed an accursed
    56 | D        | Noticed an accursed
    56 | D        | Killed a destroyer
    57 | D        | Reached skill level 27 in Maces & Flails
    57 | D        | Reached skill level 27 in Polearms
    57 | D        | Reached skill level 27 in Slings
    57 | D        | Reached skill level 27 in Bows
    57 | D        | Reached skill level 27 in Crossbows
    57 | D        | Killed a tyrant
    57 | D        | Noticed an accursed
    58 | D        | Killed a tyrant
    58 | D        | Noticed a tyrant
    60 | D        | Noticed a meat beast
    60 | D        | Noticed a meat beast
    62 | D        | Killed an accursed
    62 | D        | Killed a meat beast
    63 | D        | Noticed a tyrant
    64 | D        | Killed a meat beast
    65 | D        | Noticed a destroyer
    65 | D        | Noticed a meat beast
    66 | D        | Killed an accursed
    67 | D        | Noticed a meat beast
    67 | D        | Noticed an accursed
    68 | D        | Killed a destroyer
    68 | D        | Noticed a dread
    68 | D        | Noticed a meat beast
    69 | D        | Killed a meat beast
    71 | D        | Killed a tyrant
    72 | D        | Killed a meat beast
    74 | D        | Killed a tyrant
    74 | D        | Killed a meat beast
    77 | D        | Killed a dread
    78 | D        | Noticed a meat beast
    80 | D        | Killed an accursed
    80 | D        | Killed a meat beast
    81 | D        | Noticed a meat beast
    83 | D        | Noticed a meat beast
    84 | D        | Killed an accursed
    85 | D        | Killed a meat beast
    87 | D        | Killed a meat beast
    87 | D        | Noticed a meat beast
    89 | D        | Noticed an accursed
    89 | D        | Noticed a meat beast
    90 | D        | Noticed a meat beast
    91 | D        | Noticed a tyrant
    91 | D        | Noticed a meat beast
    92 | D        | Killed a meat beast
    93 | D        | Killed an accursed
    93 | D        | Killed a meat beast
    93 | D        | Killed a meat beast
    93 | D        | Noticed an accursed
    96 | D        | Killed a meat beast
    97 | D        | Noticed a meat beast
    99 | D        | Noticed a meat beast
   102 | D        | Killed a meat beast
   103 | D        | Killed a meat beast
   105 | D        | Killed a tyrant
   106 | D        | Noticed a dread
   107 | D        | Noticed a tyrant
   107 | D        | Noticed a dread
   107 | D        | Noticed a dread
   107 | D        | Noticed a tyrant
   108 | D        | Noticed a large bag of meat
   108 | D        | Noticed an accursed
   108 | D        | Noticed a destroyer
   108 | D        | Noticed a destroyer
   108 | D        | Noticed a meat beast
   108 | D        | Noticed The Captor
   108 | D        | Noticed a dread
   108 | D        | Noticed a meat beast
   108 | D        | Noticed an accursed
   108 | D        | Noticed a destroyer
   108 | D        | Slain by a bag of meat

Illustrated notes

Levels and vault maps discovered:
D:        meatsprint

Skill      XL: |  1  2  3  4  5  6  7  8  9 10 11 12 13 14 15 16 17 18 19 20 21 22 23 24 25 26 27 |
---------------+----------------------------------------------------------------------------------+-----
Fighting       | 9 10 13 15 19 22 27 | 27.0
Axes           | 8 10 13 15 21 26 27 | 27.0
Throwing       | 3 4 5 6 9 16 27 | 27.0
Armour         | 2 3 5 6 8 11 14 24 27 | 27.0
Dodging        | 10 11 14 15 17 19 22 27 | 27.0
Spellcasting   | 15 18 22 24 27 | 27.0
Short Blades   | 8 12 14 17 19 22 27 | 27.0
Long Blades    | 8 12 14 17 19 22 27 | 27.0
Maces & Flails | 8 11 13 16 17 20 27 | 27.0
Polearms       | 8 11 13 16 17 20 27 | 27.0
Staves         | 8 12 14 17 19 22 27 | 27.0
Slings         | 8 11 13 16 17 20 27 | 27.0
Bows           | 8 11 13 16 17 20 27 | 27.0
Crossbows      | 8 11 13 16 17 20 27 | 27.0
Stealth        | 8 12 14 17 19 22 27 | 27.0
Shields        | 8 12 14 17 19 22 27 | 27.0
Unarmed Combat | 8 12 14 17 19 22 27 | 27.0
Invocations    | 8 12 14 17 19 22 27 | 27.0
Evocations     | 8 12 14 17 19 22 27 | 27.0

Action                   |  1- 3 |  4- 6 |  7- 9 | 10-12 | 13-15 | 16-18 | 19-21 | 22-24 | 25-27 || total
-------------------------+-------+-------+-------+-------+-------+-------+-------+-------+-------++-------
Melee: Executioner's axe |     1 |       |       |     2 |     3 |     4 |     6 |     5 |    57 ||    78
 Cast: Blink             |       |       |       |       |       |     1 |     1 |       |     2 ||     4
       Necromutation     |       |       |       |       |       |       |       |       |     1 ||     1
  Use: Scroll            |       |       |       |       |       |       |       |       |     1 ||     1
Armor: Leather armour    |       |       |       |       |       |       |       |       |     5 ||     5
Dodge: Dodged            |       |       |       |       |     1 |       |       |       |    14 ||    15
